 Dungeon Crawl Stone Soup version 0.27.1-2-g3b301248ec (webtiles) character file.

Game seed: 5394493735629109576

15165 vvl the Martial Artist (level 12, -14/109 HPs)
             Began as a Merfolk Transmuter on Sept 28, 2021.
             Was an Elder of Fedhas.
             Shot with an arrow by Nessos (15 damage)
             ... on level 12 of the Dungeon.
             The game lasted 00:45:55 (17318 turns).

vvl the Martial Artist (Merfolk Transmuter)        Turns: 17318, Time: 00:45:57

Health: -14/109    AC:  7    Str: 15    XL:     12   Next: 24%
Magic:  15/21      EV: 22    Int: 12    God:    Fedhas [****..]
Gold:   452        SH:  0    Dex: 15    Spells: 19/23 levels left

rFire    x . .     SeeInvis .     - Unarmed
rCold    + + +     Faith    .   (shield currently unavailable)
rNeg     . . .     Spirit   .   (armour currently unavailable)
rPois    +         Reflect  .   (helmet currently unavailable)
rElec    .         Harm     .   (cloak currently unavailable)
rCorr    .         Rampage  .   (gloves currently unavailable)
Will     .....                  (boots currently unavailable)
Stlth    +.........             (no amulet)
HPRegen  0.28/turn              m - +4 ring of evasion
MPRegen  0.17/turn              a - +4 ring of evasion

@: lethally poisoned (-14 -> -22), about to teleport, ice-form, very slightly
contaminated, studying Stealth
A: freezing attack, boosted hp, large, (nimble swimmer 2), (mertail)
a: End Transformation, Renounce Religion, Wall of Briars, Grow Ballistomycete,
Overgrow


You were on level 12 of the Dungeon.
You worshipped Fedhas.
Fedhas was greatly pleased with you.
You were a creature of crystalline ice.
You visited 2 branches of the dungeon, and saw 13 of its levels.

You collected 452 gold pieces.

Inventory:

Hand Weapons
 s - a +1 short sword of flaming
 C - a +1 dagger of venom
 E - a +2 vampiric dagger
Missiles
 z - 3 throwing nets
Armour
 p - a +0 cloak (melded)
 w - a +0 helmet (melded)
 A - the +3 robe of Clouds (melded) {+Thunder rCloud rElec}
   (You found it on level 7 of the Dungeon)

   It can be evoked to surround the wearer with storm clouds, with success rate
   depending on Evocations skill.
   rElec:     It insulates you from electricity.
 J - a +0 pair of boots (melded)
Jewellery
 a - a +4 ring of evasion (right front paw)
 i - a +6 ring of intelligence
 k - a ring of wizardry
 m - a +4 ring of evasion (left front paw)
 n - a ring of magical power
 y - a ring of ice
 B - a ring of willpower
 G - an amulet of magic regeneration
Wands
 d - a wand of flame (30)
 q - a wand of iceblast (19)
 H - a wand of mindburst (8)
Scrolls
 b - 5 scrolls of enchant weapon
 e - a scroll of enchant armour
 g - 2 scrolls of teleportation
 l - a scroll of torment
 o - 4 scrolls of amnesia
 u - a scroll of holy word
 v - a scroll of summoning
Potions
 c - a potion of resistance
 f - 3 potions of attraction
 j - 8 potions of curing
 r - a potion of degeneration {unknown}
 t - a potion of berserk rage {unknown}
 x - a potion of haste
 F - 2 potions of cancellation


   Skills:
 + Level 7.1 Fighting
 + Level 9.0 Dodging
 * Level 10.6 Unarmed Combat
 + Level 6.3 Spellcasting
 + Level 6.4 Summonings
 + Level 9.1 Transmutations
 - Level 5.0 Ice Magic
 + Level 7.2 Invocations
 + Level 4.0 Evocations


You had 19 spell levels left.
You knew the following spells:

 Your Spells              Type           Power      Damage    Failure   Level
b - Ice Form              Ice/Tmut       20%        N/A       10%         4

Your spell library contained the following spells:

 Spells                   Type           Power      Damage    Failure   Level
 Beastly Appendage        Tmut           50%        N/A       1%          1
 Wereblood                Tmut           25%        N/A       1%          2
 Ozocubu's Armour         Ice            15%        N/A       7%          3
 Spider Form              Tmut/Pois      7%         N/A       8%          3
 Blade Hands              Tmut           12%        N/A       11%         5
 Ignite Poison            Fire/Tmut/Pois 11%        N/A       16%         3
 Animate Armour           Summ/Erth      22%        N/A       43%         4
 Conjure Flame            Conj/Fire      3%         6-21      45%         3
 Sticky Flame             Conj/Fire      3%         2d3       86%         4
 Iron Shot                Conj/Erth      1%         9d1       100%        6
 Ozocubu's Refrigeration  Ice            7%         4d6       100%        7


Dungeon Overview and Level Annotations

Branches:
Dungeon (12/15)            Temple (1/1) D:5            Lair (0/6) D:8
    Orc (0/2) D:10

Altars:
Ashenzari
Cheibriados
Dithmenos
Elyvilon
Fedhas
Gozag
Hepliaklqana
Kikubaaqudgha
Makhleb
Nemelex Xobeh
Okawaru
Qazlal
Ru
Sif Muna
Trog
Uskayaw
Vehumet
Wu Jian
Xom
Yredelemnul
Zin
The Shining One
Beogh

Shops:
D:9 [

Annotations:
D:12 Nessos


Innate Abilities, Weirdness & Mutations

You are a creature of crystalline ice.
You have a powerful freezing melee attack.
Your maximum health is increased.
Your armour is entirely melded.
You are incapable of wielding weapons or throwing items.
((You are quick and stealthy near water. (Stealth+, EV+, Speed+++)))
((Your lower body shifts to a powerful aquatic tail in water.))


Message History

Your +0 pair of boots melds into your body.
The +3 robe of Clouds {+Thunder rCloud rElec} melds into your body.
The acid dragon completely misses you. The acid dragon closely misses you.
You pummel the acid dragon!! You freeze the acid dragon.
The acid dragon is almost dead.
The acid dragon spits acid at you. The splash of acid misses you.
You punch the acid dragon! You freeze the acid dragon.
You kill the acid dragon!
Fedhas appreciates your contribution to the ecosystem.
Nessos the Markscentaur comes into view.
Nessos wields a +2 longbow of flaming.
It bursts into flame!
Nessos shoots an arrow.
The arrow completely misses you.
Nessos shoots an arrow.
The arrow hits you!! The arrow melts you.
Nessos shoots an arrow.
The arrow hits you!! The arrow melts you!
Nessos shoots an arrow.
The arrow hits you! The arrow melts you.
You are poisoned.
You are too injured to fight recklessly!
You are too injured to fight recklessly!
You are too injured to fight recklessly!
Unknown command.
As you read the scroll of teleportation, it crumbles to dust.
You feel strangely unstable.
You feel very sick.
Nessos shoots an arrow.
The arrow hits you!!
* * * LOW HITPOINT WARNING * * *
The arrow melts you.
* * * LOW HITPOINT WARNING * * *
You feel much better.
You feel very sick.
Nessos gestures wildly while chanting.
Nessos seems to speed up.
As you read the scroll of fog, it crumbles to dust.
The scroll dissolves into smoke.
You feel very sick.
Nessos shoots an arrow.
The arrow hits you!!
* * * LOW HITPOINT WARNING * * *
The arrow melts you!
You die...
Fedhas appreciates your contribution to the ecosystem.

....# #.....# ....#
#.....# ....# #.....+
....# #.....#
....####.....#######
#####..###'#.......#
'..........#......§+
#..........#...§§§.#
#..........#...§Y§.#
#..##'######..§§§§.#
####.....).....§§§.#
..................c#
....................
.....................
.†..####..............
....#..#
..............
....#..############


You could see Nessos (fast).

Vanquished Creatures
  Harold (D:7)
  2 two-headed ogres
  Sonja (D:10)
  A cyclops (D:11)
  The ghost of llamasofponies the Chopper, a novice MiFi (D:4)
  A komodo dragon (D:11)
  The ghost of fortune76 the Bolt Thrower, a novice KoHu of Hepliaklqana (D:5)
  3 trolls
  The ghost of worthlessgem the Magician, an amateur DjFE of Elyvilon (D:6)
  A vampire (D:11)
  A shadow (D:11)
  A wyvern (D:6)
  A wraith (D:5)
  A steam dragon (D:6)
  26 yaks
  Menkaure (D:5)
  Duvessa (D:5)
  2 acid dragons (D:12)
  2 water moccasins
  A hornet zombie (D:9)
  2 black bears (D:5)
  14 orc warriors
  An ice beast (D:5)
  4 sky beasts
  6 ogres
  6 centaurs
  A phantom (D:5)
  2 kobold brigands
  A gnoll sergeant (D:10)
  2 bullfrogs
  Dowan (D:5)
  3 scorpions
  6 killer bees
  An electric eel (D:10)
  3 howler monkeys
  2 centaur zombies
  A bullfrog zombie (D:5)
  A jelly (D:4)
  8 orc priests
  2 centaur skeletons
  A gnoll shaman (D:8)
  An iguana (D:5)
  Natasha (D:2)
  11 orc wizards
  A scorpion zombie (D:5)
  A hound skeleton (D:2)
  Robin (D:2)
  12 gnolls
  A howler monkey skeleton (D:7)
  12 adders
  An ufetubus (D:4)
  4 adder skeletons
  4 dart slugs
  53 orcs
  9 endoplasms
  3 giant cockroaches
  12 goblins
  4 hobgoblins
  5 jackals
  21 kobolds
  4 quokkas
  4 ball pythons
  3 bats
  2 frilled lizards
  5 rats
293 creatures vanquished.

Notes
Turn   | Place    | Note
-------+----------+-------------------------------------------
     0 | D:1      | vvl the Merfolk Transmuter began the quest for the Orb.
     0 | D:1      | Reached XP level 1. HP: 15/15 MP: 3/3
   114 | D:1      | You fall into a shaft and drop 1 floor!
   144 | D:2      | Reached XP level 2. HP: 7/21 MP: 5/5
   149 | D:2      | HP: 1/21 [poisoned by an adder]
   750 | D:1      | Reached XP level 3. HP: 20/24 MP: 4/6
  1272 | D:1      | Found a faded altar of an unknown god.
  1566 | D:2      | Reached skill level 1 in Summonings
  1566 | D:2      | Reached skill level 1 in Ice Magic
  1810 | D:2      | Reached XP level 4. HP: 29/31 MP: 5/7
  2161 | D:2      | Noticed Robin
  2887 | D:2      | Killed Robin
  2888 | D:2      | Reached skill level 4 in Unarmed Combat
  3237 | D:2      | Noticed Natasha
  3380 | D:3      | Learned a level 4 spell: Ice Form
  3537 | D:2      | Killed Natasha
  3538 | D:2      | Reached XP level 5. HP: 33/38 MP: 4/8
  4768 | D:4      | Reached XP level 6. HP: 33/44 MP: 9/9
  5352 | D:4      | Reached skill level 5 in Unarmed Combat
  5635 | D:4      | Found a runed translucent door.
  5674 | D:4      | Noticed llamasofponies's ghost (novice MiFi)
  5804 | D:4      | Reached XP level 7. HP: 51/51 MP: 7/11
  5812 | D:4      | Killed llamasofponies's ghost
  5813 | D:4      | Reached skill level 5 in Transmutations
  5930 | D:5      | Entered Level 5 of the Dungeon
  5934 | D:5      | Found a sacrificial altar of Ru.
  5937 | D:5      | Noticed a wraith
  5952 | D:5      | Killed a wraith
  5953 | D:5      | Reached XP level 8. HP: 26/58 MP: 9/13
  6016 | D:5      | Reached skill level 6 in Unarmed Combat
  6289 | D:5      | Reached skill level 5 in Dodging
  6417 | D:5      | Noticed Menkaure
  6426 | D:5      | Killed Menkaure
  6536 | D:5      | Found a runed translucent gate.
  6536 | D:5      | Found a runed translucent gate.
  6537 | D:5      | Found a runed translucent gate.
  6537 | D:5      | Noticed fortune76's ghost (novice KoHu)
  6579 | D:5      | Noticed Dowan
  6581 | D:5      | Noticed Duvessa
  6591 | D:5      | Killed Duvessa
  6593 | D:5      | Killed Dowan
  6888 | D:5      | Reached XP level 9. HP: 65/65 MP: 11/14
  6914 | D:5      | Found a staircase to the Ecumenical Temple.
  6921 | D:5      | Reached skill level 7 in Unarmed Combat
  6961 | Temple   | Entered the Ecumenical Temple
  7025 | Temple   | Became a worshipper of Fedhas Madash
  7150 | D:5      | Reached skill level 1 in Invocations
  7515 | D:5      | Found an ornate altar of the Wu Jian Council.
  7770 | D:5      | Killed fortune76's ghost
  7833 | D:6      | Noticed worthlessgem's ghost (amateur DjFE)
  7833 | D:6      | Found a large runed translucent door.
  7833 | D:6      | Found a large runed translucent door.
  8288 | D:6      | Reached skill level 8 in Unarmed Combat
  8391 | D:6      | Reached skill level 5 in Fighting
  8391 | D:6      | Reached XP level 10. HP: 64/74 MP: 11/16
  8598 | D:6      | Reached * piety under Fedhas
  8720 | D:6      | Found a sparkling altar of Nemelex Xobeh.
  8848 | D:6      | Killed worthlessgem's ghost
  8849 | D:6      | Reached skill level 5 in Ice Magic
  8900 | D:7      | Noticed Harold
  8914 | D:7      | Killed Harold
  9042 | D:7      | Found the +3 robe of Clouds {+Thunder rCloud rElec}
  9317 | D:7      | Found a shadowy altar of Dithmenos.
  9886 | D:7      | Reached skill level 5 in Spellcasting
 10209 | D:7      | Reached skill level 5 in Summonings
 10214 | D:7      | Reached skill level 5 in Invocations
 10214 | D:7      | Reached skill level 1 in Evocations
 10814 | D:7      | Reached skill level 9 in Unarmed Combat
 10818 | D:7      | Reached ** piety under Fedhas
 11069 | D:8      | Noticed a two-headed ogre
 11079 | D:8      | Killed a two-headed ogre
 11080 | D:8      | Reached XP level 11. HP: 61/81 MP: 14/19
 11706 | D:8      | Found a staircase to the Lair.
 12422 | D:8      | Reached *** piety under Fedhas
 12547 | D:8      | Found a shimmering altar of Xom.
 12549 | D:8      | Found a hazy altar of Hepliaklqana.
 12668 | D:8      | Found a burning altar of Makhleb.
 12674 | D:8      | Found a hide-covered altar of Uskayaw.
 12675 | D:8      | Found a snail-covered altar of Cheibriados.
 12676 | D:8      | Found an iron altar of Okawaru.
 12885 | D:9      | Identified the +6 scale mail "Viog" {Int+4}
 13116 | D:9      | Found Munkozosu's Armour Shoppe.
 13776 | D:10     | Entered Level 10 of the Dungeon
 14189 | D:10     | Noticed a two-headed ogre
 14195 | D:10     | Killed a two-headed ogre
 14195 | D:10     | Reached **** piety under Fedhas
 14219 | D:10     | Reached skill level 10 in Unarmed Combat
 14443 | D:10     | Noticed Sonja
 14454 | D:10     | Killed Sonja
 14516 | D:10     | Noticed a two-headed ogre
 14842 | D:10     | Found a staircase to the Orcish Mines.
 15498 | D:10     | Found a shimmering blue altar of Sif Muna.
 15498 | D:10     | Found a broken altar of Ashenzari.
 15984 | D:11     | Reached XP level 12. HP: 86/89 MP: 17/21
 17312 | D:12     | Noticed Nessos
 17316 | D:12     | HP: 2/109 [Nessos/arrow (26)]
 17318 | D:12     | Shot with an arrow by Nessos

Illustrated notes

Levels and vault maps discovered:
D:1:      dpeg_arrival_orchard, layout_loops_ring,
          shapermc_ecumenical_altar_mp_ritualfount
D:2:      layout_basic, uniq_robin, uniq_natasha
D:3:      layout_loops_ring
D:4:      layout_rooms, ebering_ghost_sewer_d, lightli_corner_chamber
D:5:      layout_loops_cross, nicolae_overflow_hidden_temple,
          lemuel_coloured_pillars_altar, minmay_temple_entry_glassed_door,
          ebering_ghost_rock_garden, minmay_misc_feat_tiny,
          minmay_manual_monstrance, uniq_duvessa, uniq_menkaure
D:6:      layout_basic, nemelex_dance_club_becter, ebering_ghost_disaster_area,
          grunt_ministairs_9
D:7:      layout_cave_pods, grunt_dithmenos_smoke,
          chequers_serial_rivers_small_b, minmay_misc_feat_tower, uniq_harold
D:8:      layout_cave_pools, regret_index_temple_of_mockery, minitemple,
          dpeg_oklobed_lair, special_room [special_room_orc]
D:9:      layout_long_grid, serial_shops, shop, chequers_serial_rivers_marsh
D:10:     layout_basic, gammafunk_temple_overflow_statue,
          kennysheep_orc_monster_closet_entryway, minmay_fractal_squares_5,
          uniq_sonja
D:11:     layout_gridville, nzn_life_drinkers
D:12:     layout_gridville, uniq_nessos
Temple:   eino_wide_crystal_templ

Skill      XL: |  1  2  3  4  5  6  7  8  9 10 11 12 |
---------------+-------------------------------------+-----
Transmutations | 3 4 5 6 7 8 9 |  9.1
Dodging        | 3 4 5 6 7 8 9 |  9.0
Summonings     | 1 2 3 4 5 6 |  6.4
Ice Magic      | 1 2 3 4 5 |  5.0
Unarmed Combat | 4 5 6 8 9 10 | 10.6
Fighting       | 2 3 4 5 6 7 |  7.1
Spellcasting   | 3 4 5 6 |  6.3
Invocations    | 3 5 7 |  7.2
Evocations     | 1 3 4 |  4.0

Action                   |  1- 3 |  4- 6 |  7- 9 | 10-12 || total
-------------------------+-------+-------+-------+-------++-------
Melee: Unarmed           |    93 |   196 |   140 |   475 ||   904
       Punch             |     1 |     2 |       |       ||     3
       Headbutt          |    10 |    13 |       |       ||    23
 Cast: Beastly Appendage |    15 |    17 |       |       ||    32
       Ice Form          |       |    14 |    22 |    45 ||    81
 Abil: Evoke Thunderclou |       |       |       |     1 ||     1
  Use: Scroll            |       |     7 |     2 |     9 ||    18
       Potion            |       |     1 |     2 |     1 ||     4
 Stab: Sleeping          |       |     1 |       |       ||     1
       Distracted        |       |       |     1 |       ||     1
Armor: Robe              |    17 |    23 |       |     2 ||    42
       Skin              |       |    19 |    27 |    92 ||   138
Dodge: Dodged            |    66 |   145 |    96 |   496 ||   803
